 Dungeon Crawl Stone Soup version 0.24.1-14-gf8d2b509d9 (console) character file.

Game seed: 10990140590169295909, levelgen mode: deterministic

136035 Kagalorn the Severer (level 17, -1/128 HPs)
             Began as a Human Berserker on July 25, 2020.
             Was a High Priest of Trog.
             Slain by Donald
             ... wielding a +0 eveningstar
              (28 damage)
             ... on level 2 of the Orcish Mines.
             The game lasted 01:09:18 (27998 turns).

Kagalorn the Severer (Human Berserker)             Turns: 27998, Time: 01:09:18

Health: -1/128     AC: 22    Str: 24    XL:     17   Next: 79%
Magic:  0/5        EV: 12    Int:  8    God:    Trog [*****.]
Gold:   1948       SH:  0    Dex: 13    Spells: 16/16 levels left

rFire    + . .     SeeInvis .   a - +6 battleaxe (antimagic)
rCold    . . .     Gourm    .   (shield currently unavailable)
rNeg     . . .     Faith    .   i - +0 plate armour
rPois    +         Spirit   +   o - +0 helmet
rElec    .         Reflect  .   B - +0 cloak
rCorr    .         Harm     .   V - +2 pair of gloves
MR       +....                  H - +0 pair of boots {run}
Stlth    ..........             Y - amulet of guardian spirit
HPRegen  0.31/turn              I - ring of protection from fire
MPRegen  0.09/turn              y - ring of poison resistance

@: berserk cooldown, very slightly contaminated, quick
A: no striking features
a: Berserk, Trog's Hand, Brothers in Arms, Renounce Religion


You were on level 2 of the Orcish Mines.
You worshipped Trog.
Trog was extremely pleased with you.
You were not hungry.

You visited 3 branches of the dungeon, and saw 21 of its levels.
You also visited: Bailey.

You collected 2490 gold pieces.
You spent 542 gold pieces at shops.

Inventory:

Hand Weapons
 a - a +6 antimagic battleaxe (weapon)
 b - a +2 morningstar of holy wrath
 t - a +6 great sword of slicing
 w - a +6 executioner's axe of chopping
 D - a +0 falchion
 Q - a +2 great sword of electrocution
Missiles
 e - 536 stones (quivered)
Armour
 i - a +0 plate armour (worn)
 o - a +0 helmet (worn)
 B - a +0 cloak (worn)
 H - a +0 pair of boots of running (worn)
 V - a +2 pair of gloves (worn)
Jewellery
 y - a ring of poison resistance (right hand)
 A - an uncursed ring of fire
 I - a ring of protection from fire (left hand)
 S - an uncursed ring of protection from magic
 W - an uncursed ring of ice
 Y - an amulet of guardian spirit (around neck)
Wands
 f - a wand of acid (7)
 x - a wand of digging (3)
 M - a wand of iceblast (14)
 O - a wand of polymorph (35)
 T - a wand of clouds (4)
 Z - a wand of flame (15)
Scrolls
 h - a scroll of magic mapping
 j - 5 scrolls of fog
 k - 9 scrolls of teleportation
 p - 5 scrolls of enchant weapon
 r - a scroll of vulnerability
 F - 12 scrolls of remove curse
 G - 2 scrolls of summoning
 K - a scroll of identify
Potions
 d - 2 potions of haste
 g - 5 potions of lignification
 l - 3 potions of resistance
 m - 6 potions of flight
 n - 2 potions of magic
 q - 8 potions of curing
 s - a potion of berserk rage
 u - a potion of agility
 z - 4 potions of heal wounds
 C - 3 potions of brilliance
 E - a potion of cancellation
 L - 4 potions of might
 P - 2 potions of ambrosia
Miscellaneous
 J - a lamp of fire
 U - 2 phantom mirrors
Comestibles
 c - 29 rations


   Skills:
 + Level 10.1 Fighting
 * Level 15.5 Long Blades
 * Level 15.6 Axes
 - Level 10.0 Armour
 - Level 10.0 Dodging


You had 16 spell levels left.
You didn't know any spells.
Your spell library was empty.

Dungeon Overview and Level Annotations

Branches:
Dungeon (13/15)            Temple (0/1) D:5            Lair (6/6) D:8
 Shoals (0/4) Lair:2        Snake (0/4) Lair:4        Slime (0/5) Lair:5
    Orc (2/2) D:11            Elf (0/3) Orc:2        Vaults (0/5) D:13
 Bailey (visited)

Altars:
Cheibriados
Elyvilon
Beogh

Shops:
D:7 [=   D:8 ?

Annotations:
D:8 3 runed translucent doors, agrhhh's ghost, novice MfSk; krakonos's ghost, novice TrBe
Lair:6 exclusion: 2 oklob plants
Orc:2 1 exclusion, Donald


Message History

Donald hits you but does no damage. Donald blocks your ogre's attack.
You feel much better.
You feel yourself speed up. Donald hits you with a +0 eveningstar!
Your ogre closely misses Donald.
Donald hits you with a +0 eveningstar!
* * * LOW HITPOINT WARNING * * *
Press: ? - help, v - describe, . - travel
Here: Donald, wielding a +0 eveningstar, wearing a +0 plate armour and wearing a +0 shield of reflection (moderately wounded, fast, unusually strong, unusually agile)
The floor.
Okay, then.
Okay, then.
Your deep troll goes berserk!
You feel quite a bit more hungry.
Your ogre hits Donald with a cursed +0 giant club!!
Donald hits you with a +0 eveningstar!
* * * LOW HITPOINT WARNING * * *
Your deep troll closely misses Donald.
Your deep troll claws Donald but does no damage.
Donald blocks your deep troll's attack. Donald hits you with a +0 eveningstar!!
You die...

#......# ##......##.....
##...............
##....>...#.......
##...#...#..........
##.#.##...............
##.###................#
##..#........O..........
##o..........T@..........
##.............@<.......#
##......##......O........##
#.........#......#.........
...........#.#........#....
.....#......#...............
....#####..#................
....## #..................
.....## #..................


You could see Donald, an ogre, a friendly deep troll (berserk) and a friendly
ogre (berserk).

Vanquished Creatures
  2 orc warlords
  A fire dragon (Lair:3)
  3 hydras
  4 two-headed ogres
  An orc high priest (Orc:1)
  2 unseen horrors
  An orc knight (Orc:1)
  4 ugly things
  2 orc sorcerers (Orc:1)
  A deep elf mage (D:11)
  2 cyclopes
  14 elephants
  4 black mambas
  20 spiny frogs
  A rime drake (Lair:6)
  5 komodo dragons
  6 trolls
  4 polar bears (Lair:5)
  A queen bee (Lair:4)
  3 meliai (Lair:4)
  A hornet (Lair:2)
  13 hippogriffs
  19 blink frogs
  6 dream sheep (Lair:6)
  3 tyrant leeches (Lair:6)
  A redback (Lair:5)
  6 wyverns
  63 yaks
  A human (D:7)
  7 basilisks
  4 hogs (D:7)
  3 wraiths
  2 fire bats (Lair:3)
  5 vampire mosquitoes
  5 nagas (Lair:4)
  3 wargs
  6 soldier ants
  A hell hound (Lair:5)
  7 water moccasins
  9 porcupines
  30 orc warriors
  2 sky beasts
  4 black bears
  A phantom (D:8)
  An eye of draining (D:9)
  5 ogres
  4 boggarts (Lair:5)
  3 ice beasts
  10 wolves
  16 centaurs
  6 crocodiles
  A big kobold (D:9)
  21 bullfrogs
  A wyvern zombie (D:13)
  7 scorpions
  30 killer bees
  3 wights (D:8)
  4 howler monkeys
  2 electric eels (Lair:4)
  4 crimson imps
  A quasit (D:5)
  4 centaur zombies
  10 hounds
  4 jellies
  A bullfrog skeleton (D:12)
  A gnoll shaman (D:6)
  19 orc priests
  Crazy Yiuf (D:7)
  2 centaur skeletons
  2 iguanas
  27 orc wizards
  14 worker ants
  A hound zombie (D:9)
  Robin (D:3)
  A howler monkey skeleton (D:10)
  25 adders
  8 gnolls
  A shadow imp (D:5)
  A white imp (D:4)
  3 adder skeletons
  2 worms (D:2)
  6 leopard geckos
  110 orcs
  4 giant cockroaches
  12 hobgoblins
  9 jackals
  7 quokkas
  6 bats (D:1)
  6 frilled lizards
  14 goblins
  18 kobolds
  10 rats
  3 fungi
  6 plants
741 creatures vanquished.

Vanquished Creatures (collateral kills)
  Fannar (Lair:2)
  A hydra (Lair:3)
  A two-headed ogre (Orc:2)
  An ogre mage (Orc:1)
  A queen ant (Lair:2)
  A necromancer (D:13)
  2 centaur zombies (D:13)
  2 elephants (Lair:3)
  3 spiny frogs
  A centaur skeleton (D:13)
  2 tyrant leeches (Lair:6)
  A blink frog (Lair:6)
  A shadow (D:13)
  A wraith (D:13)
  A vampire mosquito (Lair:6)
  A porcupine (Lair:2)
  5 orc warriors (Orc:2)
  5 ogres (Orc:1)
  2 bullfrogs (Lair:6)
  A scorpion (D:9)
  2 wights (D:13)
  2 orc wizards (Orc:2)
  4 orcs (Orc:2)
42 creatures vanquished.

Vanquished Creatures (others)
  A howler monkey (D:11)
  An orc (D:8)
  7 fungi
  53 plants
  5 toadstools (D:2)
67 creatures vanquished.

Grand Total: 850 creatures vanquished

Notes
Turn   | Place    | Note
-------+----------+-------------------------------------------
     0 | D:1      | Kagalorn the Human Berserker began the quest for the Orb.
     0 | D:1      | Reached XP level 1. HP: 18/18 MP: 1/1
   208 | D:1      | Reached XP level 2. HP: 24/24 MP: 2/2
   360 | D:1      | Reached XP level 3. HP: 24/29 MP: 3/3
   377 | D:1      | Reached ** piety under Trog
  1138 | D:2      | Reached XP level 4. HP: 35/35 MP: 4/4
  1279 | D:2      | Reached skill level 5 in Axes
  1621 | D:3      | Found a snail-covered altar of Cheibriados.
  1674 | D:3      | Noticed Robin
  1676 | D:3      | Reached XP level 5. HP: 41/41 MP: 5/5
  1689 | D:3      | Killed Robin
  1758 | D:2      | Reached *** piety under Trog
  2683 | D:4      | Reached XP level 6. HP: 38/47 MP: 6/6
  3507 | D:5      | Entered Level 5 of the Dungeon
  3554 | D:5      | Got a twisted robe
  3627 | D:5      | Noticed an ogre
  3647 | D:5      | Killed an ogre
  3647 | D:5      | Reached XP level 7. HP: 25/54 MP: 7/7
  4197 | D:5      | Found a staircase to the Ecumenical Temple.
  4476 | D:5      | Identified the +0 robe of Juoroj {rC++ rN+ Stlth-} (You
                  | found it on level 5 of the Dungeon)
  4683 | D:6      | Reached skill level 1 in Long Blades
  4683 | D:6      | Reached XP level 8. HP: 46/61 MP: 8/8
  5397 | D:7      | Found Qorphas's Jewellery Shoppe.
  5419 | D:7      | Reached skill level 5 in Fighting
  5420 | D:7      | Reached **** piety under Trog
  5488 | D:7      | Noticed a hippogriff
  5503 | D:7      | Killed a hippogriff
  5597 | D:7      | Found a runed translucent door.
  5598 | D:7      | Noticed Crazy Yiuf
  5606 | D:7      | Killed Crazy Yiuf
  5606 | D:7      | Reached XP level 9. HP: 68/68 MP: 9/9
  5942 | D:7      | Reached skill level 5 in Armour
  5978 | D:7      | Found Ratoawid's Armour Boutique.
  5981 | D:7      | Bought a +0 pair of boots of running for 378 gold pieces
  6049 | D:7      | Found a white marble altar of Elyvilon.
  6113 | D:7      | Reached skill level 5 in Dodging
  6189 | D:8      | Found a runed translucent gate.
  6189 | D:8      | Found a runed translucent gate.
  6193 | D:8      | Found a runed translucent gate.
  6195 | D:8      | Noticed agrhhh's ghost (novice MfSk)
  6195 | D:8      | Noticed krakonos's ghost (novice TrBe)
  6332 | D:8      | Found a runed translucent door.
  6650 | D:7      | Reached XP level 10. HP: 70/77 MP: 10/10
  6841 | D:8      | Reached skill level 5 in Long Blades
  6925 | D:8      | Found a staircase to the Lair.
  7396 | D:8      | Received a gift from Trog
  7482 | D:8      | Found Vuqen's Magic Scroll Boutique.
  7490 | D:8      | Bought a scroll of magic mapping for 52 gold pieces
  7490 | D:8      | Bought a scroll of enchant weapon for 112 gold pieces
  7984 | D:8      | Found a roughly hewn altar of Beogh.
  8089 | D:9      | Reached ***** piety under Trog
  8919 | D:9      | Noticed a two-headed ogre
  8924 | D:9      | Reached XP level 11. HP: 83/84 MP: 0/11
  8941 | D:9      | Killed a two-headed ogre
  9325 | D:9      | Noticed a cyclops
  9334 | D:9      | Killed a cyclops
  9364 | D:9      | Noticed a purple ugly thing
  9388 | D:9      | Killed a purple ugly thing
  9464 | D:9      | Noticed a two-headed ogre
  9477 | D:9      | Killed a two-headed ogre
  9650 | D:9      | Killed an unseen horror
  9801 | D:10     | Entered Level 10 of the Dungeon
  9801 | D:10     | Noticed a two-headed ogre
  9807 | D:10     | Killed a two-headed ogre
 10237 | D:10     | Found a roughly hewn altar of Beogh.
 10727 | D:10     | Reached XP level 12. HP: 92/92 MP: 12/12
 10918 | D:11     | Found a staircase to the Orcish Mines.
 11411 | D:11     | Received a gift from Trog
 11679 | D:11     | You fall into a shaft and drop 2 floors!
 11715 | D:13     | Noticed a two-headed ogre
 11807 | D:13     | Killed a two-headed ogre
 11807 | D:13     | Reached skill level 10 in Axes
 12055 | D:11     | Reached skill level 10 in Long Blades
 13047 | D:12     | Killed an unseen horror
 13056 | D:12     | Reached XP level 13. HP: 41/101 MP: 13/13
 14067 | D:13     | Found a gate to the Vaults.
 14793 | Lair:1   | Entered Level 1 of the Lair of Beasts
 14957 | Lair:1   | HP: 5/101 [poisoned by a black mamba]
 16364 | Lair:2   | Found a staircase to the Shoals.
 16571 | Lair:2   | Noticed Fannar
 16589 | Lair:2   | Killed Fannar
 16658 | Lair:2   | Received a gift from Trog
 18395 | Lair:3   | Noticed an eight-headed hydra
 18407 | Lair:3   | Killed an eight-headed hydra
 18430 | Lair:3   | Reached XP level 14. HP: 83/109 MP: 4/14
 18844 | Lair:3   | You fall into a shaft and drop 3 floors!
 18844 | Lair:6   | Entered Level 6 of the Lair of Beasts
 18944 | Lair:6   | Found a white marble altar of Elyvilon.
 18965 | Lair:6   | Reached skill level 10 in Armour
 18968 | Lair:6   | Reached skill level 10 in Dodging
 18986 | Lair:6   | Reached skill level 10 in Fighting
 19069 | Lair:6   | Noticed Nessos
 19070 | Lair:6   | HP: 4/110 [blink frog (4)]
 19072 | Lair:6   | HP: 1/110 [bullfrog (3)]
 19592 | Lair:5   | Found a staircase to the Slime Pits.
 19688 | Lair:5   | Received a gift from Trog
 20427 | Lair:5   | Received a gift from Trog
 20851 | Lair:4   | Found a staircase to the Snake Pit.
 22519 | Lair:5   | Reached XP level 15. HP: 115/115 MP: 3/15
 22876 | Lair:5   | Received a gift from Trog
 23084 | Lair:6   | Noticed Nessos
 23084 | Lair:6   | Nessos changed into Nessos the redback
 23091 | Lair:5   | Killed Nessos the redback
 25395 | Orc:1    | Entered Level 1 of the Orcish Mines
 25605 | Orc:1    | Found a flagged portal.
 25615 | Orc:1    | Received a gift from Trog
 25747 | Bailey   | Entered a bailey
 25825 | Bailey   | Noticed an orc warlord
 26162 | Bailey   | Found a runed translucent gate.
 26162 | Bailey   | Found a runed translucent gate.
 26162 | Bailey   | Found a runed translucent gate.
 26201 | Bailey   | Identified the +3 quarterstaff of the Hall of Blades
                  | {venom, rN+ Dex+6}
 26303 | Bailey   | Killed an orc warlord
 26373 | Bailey   | Reached skill level 15 in Axes
 26373 | Bailey   | Reached XP level 16. HP: 122/122 MP: 5/16
 26374 | Bailey   | Reached skill level 15 in Long Blades
 26374 | Bailey   | Reached XP level 17. HP: 128/128 MP: 5/17
 26886 | Orc:2    | Entered Level 2 of the Orcish Mines
 27301 | Orc:2    | Received a gift from Trog
 27546 | Orc:2    | Found a staircase to the Elven Halls.
 27982 | Orc:2    | Noticed Donald
 27993 | Orc:2    | HP: 1/128 [Donald/+0 eveningstar (26)]
 27998 | Orc:2    | Slain by Donald

Levels and vault maps discovered:
D:1:      elethiomel_arrival_diamonds, layout_basic
D:2:      kennysheep_big_flooded_room, layout_loops_ring,
          minmay_gold_behind_fungi
D:3:      layout_basic, lemuel_doored_altar, grunt_decor_cap, uniq_robin
D:4:      layout_basic, nrook_mini_backslash, minmay_fire_ice_demons
D:5:      wander_river, layout_cave_pools, minmay_temple_entry_enclosed_plants,
          first_ration
D:6:      layout_cave_pools
D:7:      layout_loops_ring, serial_shops, shop, shop, basic_altar,
          nrook_campfire, grunt_livestock, grunt_decor_one_mirror,
          uniq_crazy_yiuf_cottage
D:8:      layout_rooms, due_lair_maze_entry_diamond, serial_shops,
          nicolae_shop_behind_doors, gammafunk_ghost_cemetery,
          lightli_church_of_beogh
D:9:      minmay_bloctagon_deflated, layout_rooms
D:10:     layout_roguey, special_room [special_room_orc]
D:11:     layout_loops_cross, david_orc_1_choice
D:12:     layout_roguey, minmay_misc_feat_plants
D:13:     hangedman_screamer, layout_basic, minmay_misc_feat_roman
Lair:1:   layout_gridlike
Lair:2:   minmay_lair_venomous_thicket, layout_hall_layers,
          minmay_shoals_entry_centaurs, wad_woods_antlair, uniq_fannar
Lair:3:   dragon1_lemuel, layout_chaotic_city
Lair:4:   layout_gridlike, minmay_snake_entry_guardpost_medium, special_room
          [special_room_bee], grunt_megastairs_3, serial_bayou_shore_a
Lair:5:   layout_regular_city, slime_dummy, chequers_serial_rivers_marsh,
          kilobyte_rumbling_trees, grunt_megastairs_4
Lair:6:   minmay_lair_end_frog_pond, layout_misc_corridors, basic_altar,
          special_room [special_room_mythical_zoo], minmay_lair_oklob_chamber,
          uniq_nessos
Orc:1:    layout_diamond_mine, enter_bailey_8, mines4_lemuel
Orc:2:    pf_orc_diabolical, layout_caves, basic_altar, uniq_donald

Skill      XL: |  1  2  3  4  5  6  7  8  9 10 11 12 13 14 15 16 |
---------------+-------------------------------------------------+-----
Axes           | 4 5 6 7 9 10 11 13 15 | 15.6
Armour         | 3 4 6 7 8 9 10 | 10.0
Dodging        | 3 4 6 7 8 9 10 | 10.0
Fighting       | 4 5 6 7 8 9 10 | 10.1
Long Blades    | 1 2 4 7 9 10 11 13 14 15 | 15.5

Action                   |  1- 3 |  4- 6 |  7- 9 | 10-12 | 13-15 | 16-18 || total
-------------------------+-------+-------+-------+-------+-------+-------++-------
Melee: Hand axe          |   135 |   256 |   301 |   877 |   321 |       ||  1890
       Morningstar       |       |       |    68 |       |    17 |       ||    85
       Battleaxe         |       |       |       |    40 |   678 |   166 ||   884
       War axe           |       |       |       |       |   161 |       ||   161
Throw: Stone             |       |     1 |       |       |       |       ||     1
Invok: Berserk           |     2 |     4 |     9 |    25 |    34 |     4 ||    78
       Brothers in Arms  |       |       |       |     4 |     9 |     3 ||    16
       Trog's Hand       |       |       |       |       |     2 |     1 ||     3
Evoke: Wand              |       |       |       |       |     6 |       ||     6
  Use: Scroll            |       |       |    18 |     5 |    23 |     1 ||    47
       Potion            |       |       |       |     2 |     7 |     4 ||    13
 Stab: Distracted        |       |       |       |       |     2 |       ||     2
  Eat: Chunk             |     1 |    10 |    18 |    31 |    56 |     7 ||   123
       Ration            |       |     1 |       |     4 |     7 |     1 ||    13
Armor: Animal skin       |    10 |       |       |       |       |       ||    10
       Plate armour      |   103 |   162 |   276 |   474 |   882 |    79 ||  1976
Dodge: Dodged            |    80 |    82 |   143 |   375 |   794 |    92 ||  1566
